SA
IDAHO FALLS CHUKARS @ CHICAGO TULA
07/17/2023
 
TOP OF THE 1ST
Idaho Falls Chukars batting - Pitching for Chicago Tula : LHP Javier Desdin
Pitching: LHP Javier Desdin
Batting: RHB Vicente Cruz 0-0: Called Strike
0-1: Swinging Strike
0-2: Ball
1-2: Ball
2-2: Strikes out looking
Batting: RHB Fernando Granados 0-0: Swinging Strike
0-1: Fly out, F9 (Flyball, 89S)
Batting: RHB Michael Bradshaw 0-0: Called Strike
0-1: Swinging Strike
0-2: Ball
1-2: Ball
2-2: Ball
3-2: Strikes out swinging
Top of the 1st over - 0 run(s), 0 hit(s), 0 error(s), 0 left on base; Idaho Falls 0 - Chicago 0
BOTTOM OF THE 1ST
Chicago Tula batting - Pitching for Idaho Falls Chukars : RHP Ben Hopley
Pitching: RHP Ben Hopley
Batting: RHB Bryan Sanders 0-0: Ball
1-0: Ball
2-0: Ball
3-0: Foul Ball, location: 2F
3-1: Base on Balls
Batting: RHB Lee Lockheart 0-0: Called Strike
0-1: SINGLE (Line Drive, 4D)
Bryan Sanders to second
Batting: LHB Cole Thrash 0-0: Called Strike
0-1: Ball
1-1: Swinging Strike
1-2: Strikes out swinging
Batting: RHB Jorge Rodríguez 0-0: Ball
1-0: Foul Ball, location: 2F
1-1: Swinging Strike
1-2: Ball
2-2: Foul Ball, location: 2F
2-2: Ball
3-2: Grounds into double play, 6-4-3 (Groundball, 6)
Bottom of the 1st over - 0 run(s), 1 hit(s), 0 error(s), 1 left on base; Idaho Falls 0 - Chicago 0
TOP OF THE 2ND
Idaho Falls Chukars batting - Pitching for Chicago Tula : LHP Javier Desdin
Batting: LHB Magali Lenidas 0-0: Foul Ball, location: 2F
0-1: Foul Ball, location: 2F
0-2: Strikes out looking
Batting: RHB Adrian Rodgers 0-0: Called Strike
0-1: Ball
1-1: Ball
2-1: SINGLE (Flyball, 8RM)
Batting: LHB Jorge Greenbaum 0-0: Called Strike
0-1: Fly out, F6 (Popup, 4MD)
Batting: LHB Dave Smerdon 0-0: Ball
1-0: Ball
2-0: Called Strike
2-1: Ball
3-1: Fly out, F7 (Flyball, 78M)
Top of the 2nd over - 0 run(s), 1 hit(s), 0 error(s), 1 left on base; Idaho Falls 0 - Chicago 0
BOTTOM OF THE 2ND
Chicago Tula batting - Pitching for Idaho Falls Chukars : RHP Ben Hopley
Batting: SHB Alfredo González 0-0: Ball
1-0: Ground out 4-3 (Groundball, 4)
Batting: RHB Gart Steenis 0-0: Ball
1-0: Called Strike
1-1: Ball
2-1: Swinging Strike
2-2: Ground out 4-3 (Groundball, 4MS)
Batting: LHB Colt Gridley 0-0: Foul Ball, location: 2F
0-1: Ball
1-1: Called Strike
1-2: Foul Ball, location: 2F
1-2: Ball
2-2: Ball
3-2: Strikes out swinging
Bottom of the 2nd over - 0 run(s), 0 hit(s), 0 error(s), 0 left on base; Idaho Falls 0 - Chicago 0
TOP OF THE 3RD
Idaho Falls Chukars batting - Pitching for Chicago Tula : LHP Javier Desdin
Batting: LHB Roberto Soto 0-0: Swinging Strike
0-1: Ground out 3-1 (Groundball, 34)
Batting: RHB Lee Faught 0-0: Ground out 6-3 (Groundball, 6)
Batting: RHB Vicente Cruz 0-0: Swinging Strike
0-1: Ball
1-1: Ball
2-1: Foul Ball, location: 2F
2-2: Ball
3-2: Strikes out looking
Top of the 3rd over - 0 run(s), 0 hit(s), 0 error(s), 0 left on base; Idaho Falls 0 - Chicago 0
BOTTOM OF THE 3RD
Chicago Tula batting - Pitching for Idaho Falls Chukars : RHP Ben Hopley
Batting: RHB Vincent Vega 0-0: Called Strike
0-1: Ball
1-1: Ball
2-1: Ball
3-1: DOUBLE (Line Drive, 5D)
Batting: RHB Christian Hoover 0-0: Called Strike
0-1: Called Strike
0-2: Ball
1-2: Ball
2-2: Ground out 6-3 (Groundball, 6)
Batting: RHB Bryan Sanders 0-0: Ball
1-0: Ball
2-0: Foul Ball, location: 2F
2-1: Ball
3-1: Foul Ball, location: 2F
3-2: DOUBLE (Groundball, 3L)
Vincent Vega scores
Batting: RHB Lee Lockheart 0-0: Foul Ball, location: 2F
0-1: Called Strike
0-2: Ball
1-2: Ball
2-2: DOUBLE (Line Drive, 3)
Bryan Sanders scores
Batting: LHB Cole Thrash 0-0: Ball
1-0: Ball
2-0: Foul Ball, location: 2F
2-1: Ball
3-1: Foul Ball, location: 2F
3-2: Base on Balls
Batting: RHB Jorge Rodríguez 0-0: Called Strike
0-1: Swinging Strike
0-2: Ball
1-2: Foul Ball, location: 2F
1-2: Foul Ball, location: 2F
1-2: Foul Ball, location: 2F
1-2: Ball
2-2: Fly out, F2 (Popup, 2LF)
Batting: SHB Alfredo González 0-0: Ball
1-0: Called Strike
1-1: Fielders Choice at 2nd, U6 (Groundball, 6M)
Bottom of the 3rd over - 2 run(s), 3 hit(s), 0 error(s), 2 left on base; Idaho Falls 0 - Chicago 2
TOP OF THE 4TH
Idaho Falls Chukars batting - Pitching for Chicago Tula : LHP Javier Desdin
Batting: RHB Fernando Granados 0-0: Called Strike
0-1: Reached on error, E4 (Groundball, 4M)
Batting: RHB Michael Bradshaw 0-0: Ball
Fernando Granados is caught stealing 2nd base
1-0: SINGLE (Line Drive, 4MD)
Batting: LHB Magali Lenidas 0-0: Called Strike
0-1: Ball
1-1: Ball
2-1: Called Strike
2-2: Strikes out looking
Batting: RHB Adrian Rodgers 0-0: DOUBLE (Line Drive, 5L)
Michael Bradshaw to third
Batting: LHB Jorge Greenbaum 0-0: Ball
1-0: Swinging Strike
1-1: Foul Ball, location: 2F
1-2: Ground out 4-3 (Groundball, 34)
Top of the 4th over - 0 run(s), 2 hit(s), 1 error(s), 2 left on base; Idaho Falls 0 - Chicago 2
BOTTOM OF THE 4TH
Chicago Tula batting - Pitching for Idaho Falls Chukars : RHP Ben Hopley
Batting: RHB Gart Steenis 0-0: Ground out 6-3 (Groundball, 6M)
Batting: LHB Colt Gridley 0-0: Foul Ball, location: 2F
0-1: Ball
1-1: Fly out, F7 (Flyball, 78M)
Batting: RHB Vincent Vega 0-0: Ball
1-0: Ground out 5-3 (Groundball, 56S)
Bottom of the 4th over - 0 run(s), 0 hit(s), 0 error(s), 0 left on base; Idaho Falls 0 - Chicago 2
TOP OF THE 5TH
Idaho Falls Chukars batting - Pitching for Chicago Tula : LHP Javier Desdin
Batting: LHB Dave Smerdon 0-0: Called Strike
0-1: Bunt for hit - play at first, batter OUT! 5-3
Batting: LHB Roberto Soto 0-0: Fly out, F8 (Flyball, 8LM)
Batting: RHB Lee Faught 0-0: Ball
1-0: Foul Ball, location: 2F
1-1: Called Strike
1-2: Ball
2-2: Ball
3-2: Foul Ball, location: 2F
3-2: Strikes out swinging
Top of the 5th over - 0 run(s), 0 hit(s), 0 error(s), 0 left on base; Idaho Falls 0 - Chicago 2
BOTTOM OF THE 5TH
Chicago Tula batting - Pitching for Idaho Falls Chukars : RHP Ben Hopley
Batting: RHB Christian Hoover 0-0: Ball
1-0: Foul Ball, location: 2F
1-1: Swinging Strike
1-2: Foul Ball, location: 2F
1-2: Ball
2-2: Strikes out looking
Batting: RHB Bryan Sanders 0-0: Fly out, F9 (Flyball, 9M)
Batting: RHB Lee Lockheart 0-0: Ball
1-0: Ground out 5-3 (Groundball, 5S)
Bottom of the 5th over - 0 run(s), 0 hit(s), 0 error(s), 0 left on base; Idaho Falls 0 - Chicago 2
TOP OF THE 6TH
Idaho Falls Chukars batting - Pitching for Chicago Tula : LHP Javier Desdin
Batting: RHB Vicente Cruz 0-0: SINGLE (Groundball, 5D)
Batting: RHB Fernando Granados Pickoff Throw to First - Out!
0-0: DOUBLE (Flyball, 78M)
Batting: RHB Michael Bradshaw 0-0: Ball
1-0: Called Strike
1-1: Fly out, F4 (Popup, 3D)
Batting: LHB Magali Lenidas 0-0: Ball
1-0: Foul Ball, location: 2F
1-1: Fly out, F8 (Flyball, 8LXD)
Top of the 6th over - 0 run(s), 2 hit(s), 0 error(s), 1 left on base; Idaho Falls 0 - Chicago 2
BOTTOM OF THE 6TH
Chicago Tula batting - Pitching for Idaho Falls Chukars : RHP Ben Hopley
Batting: LHB Cole Thrash 0-0: Foul Ball, location: 2F
0-1: Foul Ball, location: 2F
0-2: Ball
1-2: Ball
2-2: Foul Ball, location: 2F
2-2: Ball
3-2: Foul Ball, location: 2F
3-2: Strikes out looking
Batting: RHB Jorge Rodríguez 0-0: Ball
1-0: Called Strike
1-1: Fly out, F7 (Flyball, 7M)
Batting: SHB Alfredo González 0-0: Called Strike
0-1: DOUBLE (Line Drive, 3L)
Batting: RHB Gart Steenis 0-0: Intentional Walk
Pitching: RHP Hartmann Riedman
Batting: LHB Colt Gridley 0-0: Ball
1-0: Called Strike
1-1: Ball
2-1: Fly out, F9 (Flyball, 9S)
Bottom of the 6th over - 0 run(s), 1 hit(s), 0 error(s), 2 left on base; Idaho Falls 0 - Chicago 2
TOP OF THE 7TH
Idaho Falls Chukars batting - Pitching for Chicago Tula : LHP Javier Desdin
Batting: RHB Adrian Rodgers 0-0: Ball
1-0: Foul Ball, location: 2F
1-1: Fly out, F7 (Flyball, 7M)
Batting: LHB Jorge Greenbaum 0-0: SINGLE (Line Drive, 89S)
Batting: LHB Dave Smerdon 0-0: Fly out, F6 (Popup, 56D)
Batting: LHB Roberto Soto 0-0: Ball
1-0: Called Strike
1-1: Ball
2-1: SINGLE (Line Drive, 6MD)
Jorge Greenbaum to second
Pinch Hitting: RHB Tan Bal 0-0: Ball
1-0: Called Strike
1-1: Foul Ball, location: 2F
1-2: Strikes out looking
Top of the 7th over - 0 run(s), 2 hit(s), 0 error(s), 2 left on base; Idaho Falls 0 - Chicago 2
BOTTOM OF THE 7TH
Chicago Tula batting - Pitching for Idaho Falls Chukars : RHP Hartmann Riedman
Now at 1B: Rubén Hernández
Batting: RHB Vincent Vega 0-0: Ball
1-0: Swinging Strike
1-1: Fly out, F9 (Flyball, 89M)
Batting: RHB Christian Hoover 0-0: Called Strike
0-1: Foul Ball, location: 2F
0-2: Strikes out swinging
Batting: RHB Bryan Sanders 0-0: Ball
1-0: DOUBLE (Flyball, 8LXD)
Batting: RHB Lee Lockheart 0-0: Ball
1-0: Called Strike
1-1: Ball
2-1: SINGLE (Line Drive, 89S)
Bryan Sanders to third
Runner from 3rd tries for Home, SAFE, no throw or cutoff
Batting: LHB Cole Thrash 0-0: Ball
1-0: Ball
2-0: Ball
3-0: Called Strike
3-1: Base on Balls
Lee Lockheart to second
Batting: RHB Jorge Rodríguez 0-0: Fielders Choice at 2nd, 6-4 (Groundball, 56)
Bottom of the 7th over - 1 run(s), 2 hit(s), 0 error(s), 1 left on base; Idaho Falls 0 - Chicago 3
TOP OF THE 8TH
Idaho Falls Chukars batting - Pitching for Chicago Tula : LHP Javier Desdin
Batting: RHB Vicente Cruz 0-0: Ball
1-0: Called Strike
1-1: SOLO HOME RUN (Flyball, 7LD), Distance : 345 ft
Batting: RHB Fernando Granados 0-0: Swinging Strike
0-1: SINGLE (Groundball, 25) (infield hit)
Batting: RHB Michael Bradshaw 0-0: Ball
1-0: Ball
2-0: SINGLE (Line Drive, 4D)
Fernando Granados to second
Batting: LHB Magali Lenidas 0-0: Called Strike
0-1: Ball
1-1: Ball
2-1: Ball
3-1: Base on Balls
Fernando Granados to third
Michael Bradshaw to second
Batting: RHB Adrian Rodgers 0-0: Ball
1-0: Called Strike
1-1: Ball
2-1: Foul Ball, location: 2F
2-2: Strikes out swinging
Pitching: RHP Jim Unknown
Batting: LHB Jorge Greenbaum 0-0: Ball
1-0: Fly out, F7 (Flyball, 7M)
Runner from 3rd tags up, SCORES, no throw
Pinch Hitting: LHB Dave Watts 0-0: Called Strike
0-1: Ball
1-1: Ball
2-1: SINGLE (Line Drive, 8RS)
Michael Bradshaw to third
Magali Lenidas to second
Runner from 3rd tries for Home, SAFE, no throw or cutoff
Pinch Hitting: LHB Armando Peña 0-0: Ball
1-0: Foul Ball, location: 2F
1-1: Swinging Strike
1-2: Ball
2-2: Fielders Choice at 2nd, U4 (Groundball, 4M)
Top of the 8th over - 3 run(s), 4 hit(s), 0 error(s), 2 left on base; Idaho Falls 3 - Chicago 3
BOTTOM OF THE 8TH
Chicago Tula batting - Pitching for Idaho Falls Chukars : RHP Hartmann Riedman
Now at SS: Armando Peña
Now in RF: Dave Watts
Pinch Hitting: LHB Kichisaburo Otani 0-0: Swinging Strike
0-1: Ball
1-1: Ball
2-1: Ball
3-1: Foul Ball, location: 2F
3-2: Base on Balls
Batting: RHB Gart Steenis 0-0: Ball
1-0: Sac Bunt - play at first, batter OUT! 1-4
Kichisaburo Otani to second
Pinch Hitting: RHB Tony Cantú 0-0: Intentional Walk
Pinch Hitting: LHB Jim Unknown 0-0: Called Strike
Kichisaburo Otani steals 3rd base
Tony Cantú to second
0-1: Ball
Wild Pitch!
Kichisaburo Otani scores
Tony Cantú to third
1-1: Intentional Walk
Batting: RHB Christian Hoover 0-0: Ball
1-0: Fly out, F8 (Flyball, 8LM)
Runner from 3rd tags up, SCORES, throw made
Pitching: RHP Shotaro Sugahara
Batting: RHB Bryan Sanders 0-0: Called Strike
0-1: Ball
1-1: DOUBLE (Flyball, 78D)
Jim Unknown to third
Runner from 3rd tries for Home, SAFE, no throw or cutoff
Batting: RHB Lee Lockheart 0-0: Called Strike
0-1: Foul Ball, location: 2F
0-2: Fly out, F9 (Line Drive, 89M)
Bottom of the 8th over - 3 run(s), 1 hit(s), 0 error(s), 1 left on base; Idaho Falls 3 - Chicago 6
TOP OF THE 9TH
Idaho Falls Chukars batting - Pitching for Chicago Tula : RHP Jim Unknown
Now at 1B: Tony Cantú
Now at 2B: Kichisaburo Otani
Now at 3B: Arturo Aguilar
Batting: RHB Rubén Hernández 0-0: Ground out 1-3 (Groundball, 25)
Batting: RHB Vicente Cruz 0-0: Foul Ball, location: 2F
0-1: Bunted foul
0-2: Strikes out looking
Batting: RHB Fernando Granados 0-0: Ground out 5-3 (Groundball, 56S)
Top of the 9th over - 0 run(s), 0 hit(s), 0 error(s), 0 left on base; Idaho Falls 3 - Chicago 6
This league is powered by Out of the Park Baseball, the baseball management simulation game for PC, Mac and Linux
Friday, July 8th, 2016 - OOTP Baseball 16.9 Build 39